GCL
TAMPA BAY (GCL) RAYS @ ST. LOUIS (GCL) CARDINALS
09/24/2108
 
TOP OF THE 1ST
Tampa Bay (GCL) Rays batting - Pitching for St. Louis (GCL) Cardinals : LHP Angel Penunuri
Pitching: LHP Angel Penunuri
Batting: RHB Neal Kallstrom 0-0: Ball
1-0: Ball
2-0: Ball
3-0: Base on Balls
Batting: LHB Ryan Kaplan 0-0: Called Strike
0-1: Ball
1-1: Ball
2-1: Fly out, F8 (Flyball, 8RXD, EV 93.8 MPH)
Pitching: RHP Mario Morales
Batting: LHB Ray Pace 0-0: Ball
1-0: Ball
2-0: Called Strike
2-1: TRIPLE (Flyball, 7LD, EV 110.6 MPH)
Neal Kallstrom scores
Batting: RHB Ryan Margolis 0-0: Foul Ball, location: 2F
0-1: Ball
1-1: Ball
2-1: Swinging Strike
2-2: Strikes out swinging, 2-3 out at first.
Batting: RHB Pat Eteldrum 0-0: Ball
1-0: SINGLE (Groundball, 4MD, EV 98.1 MPH)
Ray Pace scores
Batting: RHB Larry McCloud 0-0: Called Strike
0-1: SINGLE (Groundball, 4D, EV 100.6 MPH) (infield hit)
Pat Eteldrum to second
Batting: LHB Mike Grimm 0-0: Foul Ball, location: 7LSF
0-1: Ball
1-1: Swinging Strike
1-2: Foul Ball, location: 23F
1-2: Foul Ball, location: 2F
1-2: Ball
2-2: DOUBLE (Groundball, 3L, EV 95.0 MPH)
Pat Eteldrum scores
Larry McCloud to third
Batting: RHB Brian McDonald 0-0: Ground out 6-3 (Groundball, 6, EV 88.1 MPH)
Top of the 1st over - 3 runs, 4 hits, 0 errors, 2 left on base; Tampa Bay (GCL) 3 - St. Louis (GCL) 0
BOTTOM OF THE 1ST
St. Louis (GCL) Cardinals batting - Pitching for Tampa Bay (GCL) Rays : RHP Miguel Galvez
Pitching: RHP Miguel Galvez
Batting: SHB Orlando Cante 0-0: Ball
1-0: Foul Ball, location: 2F
1-1: Foul Ball, location: 7LMF
1-2: Foul Ball, location: 2F
1-2: Foul Ball, location: 3F
1-2: Ground out 4-3 (Groundball, 4S, EV 73.1 MPH)
Batting: LHB Santos Gonzales 0-0: Called Strike
0-1: Called Strike
0-2: Strikes out swinging
Batting: RHB Mike Kearney 0-0: Foul Ball, location: 5SF
0-1: Foul Ball, location: 23FF
0-2: Ball
1-2: Strikes out looking
Bottom of the 1st over - 0 runs, 0 hits, 0 errors, 0 left on base; Tampa Bay (GCL) 3 - St. Louis (GCL) 0
TOP OF THE 2ND
Tampa Bay (GCL) Rays batting - Pitching for St. Louis (GCL) Cardinals : RHP Mario Morales
Batting: RHB Melvin Ramos 0-0: Foul Ball, location: 5F
0-1: Called Strike
0-2: Strikes out looking
Batting: RHB Neal Kallstrom 0-0: Swinging Strike
0-1: Ball
1-1: Swinging Strike
1-2: Strikes out swinging
Batting: LHB Ryan Kaplan 0-0: Called Strike
0-1: Ball
1-1: Swinging Strike
1-2: Foul Ball, location: 7LSF
1-2: Strikes out swinging
Top of the 2nd over - 0 runs, 0 hits, 0 errors, 0 left on base; Tampa Bay (GCL) 3 - St. Louis (GCL) 0
BOTTOM OF THE 2ND
St. Louis (GCL) Cardinals batting - Pitching for Tampa Bay (GCL) Rays : RHP Miguel Galvez
Batting: RHB Matt Miller 0-0: Ball
1-0: Called Strike
1-1: SINGLE (Groundball, 3S, EV 70.6 MPH) (infield hit)
Batting: RHB Aaron Horchem 0-0: DOUBLE (Flyball, 8LXD, EV 108.8 MPH)
Matt Miller to third
Runner from 3rd tries for Home, SAFE, throw by CF to trailing runner, SAFE at third!
Batting: RHB Doug Antonelli 0-0: Called Strike
0-1: Ball
1-1: Ball
2-1: Ball
3-1: Foul Ball, location: 2F
3-2: Foul Ball, location: 9LMFF
3-2: Base on Balls
Batting: RHB Bill Hoyt 0-0: Ball
1-0: Called Strike
1-1: 3-RUN HOME RUN (Flyball, 89XD, EV 98.8 MPH), Distance : 378 ft
Batting: RHB Ron Trowbridge 0-0: Ball
1-0: TRIPLE (Flyball, 78XD, EV 100.6 MPH)
Batting: RHB Jose Martinez 0-0: Called Strike
0-1: Ball
1-1: Ball
2-1: Ball
3-1: Called Strike
3-2: Strikes out looking
Batting: SHB Orlando Cante 0-0: Ball
1-0: Ball
2-0: Called Strike
2-1: Ball
3-1: Foul Ball, location: 7LMF
3-2: Base on Balls
Batting: LHB Santos Gonzales 0-0: Ball
1-0: Called Strike
Orlando Cante steals 2nd base
1-1: Ball
2-1: Fly out, F5 (Popup, 5DF, EV 61.9 MPH)
Batting: RHB Mike Kearney 0-0: Ball
1-0: Reached on error, E5 (Groundball, 5, EV 95.6 MPH)
Ron Trowbridge scores
Orlando Cante to third
Pitching: RHP Jimmy Thompson
Batting: RHB Matt Miller 0-0: Called Strike
0-1: Ball
1-1: Called Strike
1-2: SINGLE (Line Drive, 8RS, EV 98.8 MPH)
Orlando Cante scores
Mike Kearney to second
Runner from 2nd tries for 3rd, SAFE, throw by CF made to third
Batting: RHB Aaron Horchem 0-0: Ball
1-0: Called Strike
1-1: Ball
2-1: Foul Ball, location: 9LDF
2-2: Ball
3-2: Ground out 6-3 (Groundball, 6, EV 100.6 MPH)
Bottom of the 2nd over - 6 runs, 5 hits, 1 error, 2 left on base; Tampa Bay (GCL) 3 - St. Louis (GCL) 6
TOP OF THE 3RD
Tampa Bay (GCL) Rays batting - Pitching for St. Louis (GCL) Cardinals : RHP Mario Morales
DELAY Rain delay of 30 minutes in the 3rd inning.
Batting: LHB Ray Pace 0-0: Swinging Strike
0-1: Foul Ball, location: 2F
0-2: Foul Ball, location: 3FF
0-2: Foul Ball, location: 9LDF
0-2: Ball
1-2: Fly out, F5 (Popup, 5F, EV 54.4 MPH)
Batting: RHB Ryan Margolis 0-0: Foul Ball, location: 3F
0-1: Ground out 4-3 (Groundball, 4M, EV 87.5 MPH)
Batting: RHB Pat Eteldrum 0-0: Fly out, F8 (Flyball, 78M, EV 82.5 MPH)
Top of the 3rd over - 0 runs, 0 hits, 0 errors, 0 left on base; Tampa Bay (GCL) 3 - St. Louis (GCL) 6
BOTTOM OF THE 3RD
St. Louis (GCL) Cardinals batting - Pitching for Tampa Bay (GCL) Rays : RHP Jimmy Thompson
Batting: RHB Doug Antonelli 0-0: Ground out 6-3 (Groundball, 6, EV 82.5 MPH)
Batting: RHB Bill Hoyt 0-0: Called Strike
0-1: Ball
1-1: Called Strike
1-2: Foul Ball, location: 9LSF
1-2: Foul Ball, location: 25F
1-2: Ball
2-2: SINGLE (Line Drive, 89S, EV 96.9 MPH)
Batting: RHB Ron Trowbridge 0-0: Called Strike
0-1: Fly out, F9 (Line Drive, 34D, EV 71.3 MPH)
Batting: RHB Jose Martinez 0-0: Ball
1-0: Fly out, F4 (Line Drive, 4D, EV 73.1 MPH)
Bottom of the 3rd over - 0 runs, 1 hit, 0 errors, 1 left on base; Tampa Bay (GCL) 3 - St. Louis (GCL) 6
TOP OF THE 4TH
Tampa Bay (GCL) Rays batting - Pitching for St. Louis (GCL) Cardinals : RHP Mario Morales
Batting: RHB Larry McCloud 0-0: Called Strike
0-1: Ball
1-1: Foul Ball, location: 2F
1-2: Foul Ball, location: 9LSF
1-2: SINGLE (Line Drive, 9LS, EV 92.5 MPH)
Batting: LHB Mike Grimm 0-0: Ball
Larry McCloud steals 2nd base
1-0: Ball
Larry McCloud steals 3rd base
2-0: Called Strike
2-1: Foul Ball, location: 5FF
2-2: Fly out, F7 (Flyball, 7D, EV 102.5 MPH)
Runner from 3rd tags up, SCORES, no throw by LF
Pitching: RHP Clark Ramirez
Batting: RHB Brian McDonald 0-0: Ground out 5-3 (Groundball, 56, EV 105.6 MPH)
Batting: RHB Melvin Ramos 0-0: Foul Ball, location: 9LMF
0-1: Ball
1-1: Ball
2-1: Ball
3-1: Base on Balls
Pinch Hitting: RHB Tommy Starnes 0-0: Called Strike
0-1: Ball
1-1: Ball
2-1: Ball
3-1: Foul Ball, location: 25F
3-2: Ground out 5-3 (Groundball, 5, EV 101.9 MPH)
Top of the 4th over - 1 run, 1 hit, 0 errors, 1 left on base; Tampa Bay (GCL) 4 - St. Louis (GCL) 6
BOTTOM OF THE 4TH
St. Louis (GCL) Cardinals batting - Pitching for Tampa Bay (GCL) Rays : RHP Jimmy Thompson
Now in LF: Tommy Starnes
Now in CF: Mike Grimm
Batting: SHB Orlando Cante 0-0: Ball
1-0: Ball
2-0: Foul Ball, location: 2F
2-1: Ground out 4-3 (Groundball, 4, EV 82.5 MPH)
Batting: LHB Santos Gonzales 0-0: Called Strike
0-1: Foul Ball, location: 9LSF
0-2: Strikes out swinging
Batting: RHB Mike Kearney 0-0: Ball
1-0: Ball
2-0: Foul Ball, location: 2F
2-1: Fly out, F9 (Line Drive, 9S, EV 92.5 MPH)
Bottom of the 4th over - 0 runs, 0 hits, 0 errors, 0 left on base; Tampa Bay (GCL) 4 - St. Louis (GCL) 6
TOP OF THE 5TH
Tampa Bay (GCL) Rays batting - Pitching for St. Louis (GCL) Cardinals : RHP Clark Ramirez
Batting: LHB Ryan Kaplan 0-0: Reached on error, E4 (Flyball, 4D, EV 93.1 MPH)
Batting: LHB Ray Pace 0-0: Ball
1-0: Ball
Ryan Kaplan is caught stealing 2nd base 2-6
2-0: Called Strike
2-1: Swinging Strike
2-2: Strikes out swinging
Batting: RHB Ryan Margolis 0-0: Ball
1-0: Called Strike
1-1: Foul Ball, location: 5F
1-2: Foul Ball, location: 5F
1-2: Ball
2-2: Ball
3-2: Fly out, F9 (Flyball, 89S, EV 86.3 MPH)
Top of the 5th over - 0 runs, 0 hits, 1 error, 0 left on base; Tampa Bay (GCL) 4 - St. Louis (GCL) 6
BOTTOM OF THE 5TH
St. Louis (GCL) Cardinals batting - Pitching for Tampa Bay (GCL) Rays : RHP Jimmy Thompson
Batting: RHB Matt Miller 0-0: Called Strike
0-1: Fly out, F8 (Flyball, 8RM, EV 92.5 MPH)
Batting: RHB Aaron Horchem 0-0: Ball
1-0: Ball
2-0: Ball
3-0: Base on Balls
Batting: RHB Doug Antonelli 0-0: Fly out, F7 (Flyball, 78D, EV 87.5 MPH)
Batting: RHB Bill Hoyt 0-0: Ball
1-0: Ball
2-0: Called Strike
2-1: Ball
3-1: Foul Ball, location: 3SF
3-2: Foul Ball, location: 9LMF
3-2: Ground out 5-3 (Groundball, 56S, EV 72.5 MPH)
Bottom of the 5th over - 0 runs, 0 hits, 0 errors, 1 left on base; Tampa Bay (GCL) 4 - St. Louis (GCL) 6
TOP OF THE 6TH
Tampa Bay (GCL) Rays batting - Pitching for St. Louis (GCL) Cardinals : RHP Clark Ramirez
Batting: RHB Pat Eteldrum 0-0: Called Strike
0-1: Called Strike
0-2: Ball
1-2: Ball
2-2: Ball
3-2: DOUBLE (Line Drive, 7LM, EV 98.1 MPH)
Pinch Hitting: LHB John Ritter 0-0: Reached on error, E4 (Groundball, 34D, EV 105.6 MPH)
Pat Eteldrum to third
Batting: LHB Mike Grimm 0-0: Swinging Strike
0-1: Swinging Strike
0-2: Ball
1-2: Ball
2-2: Ball
3-2: Base on Balls
John Ritter to second
Batting: LHB Jordan Suazo 0-0: Called Strike
0-1: Foul Ball, location: 2F
0-2: Strikes out swinging
Batting: RHB Melvin Ramos 0-0: Ball
1-0: Foul Ball, location: 2F
1-1: Ball
2-1: Ball
3-1: Called Strike
3-2: Foul Ball, location: 2F
3-2: Foul Ball, location: 9LSF
3-2: Fly out, F8 (Flyball, 8LS, EV 85.0 MPH)
Pitching: RHP Dave Ellis
Batting: RHB Tommy Starnes 0-0: Ball
1-0: Foul Ball, location: 2F
1-1: Ball
2-1: Swinging Strike
2-2: Foul Ball, location: 2F
2-2: Ball
3-2: Strikes out swinging
Top of the 6th over - 0 runs, 1 hit, 1 error, 3 left on base; Tampa Bay (GCL) 4 - St. Louis (GCL) 6
BOTTOM OF THE 6TH
St. Louis (GCL) Cardinals batting - Pitching for Tampa Bay (GCL) Rays : RHP Jimmy Thompson
Now at 1B: Tom McAlear
Batting: RHB Ron Trowbridge 0-0: Ball
1-0: Ground out 5-3 (Groundball, 56S, EV 83.8 MPH)
Batting: RHB Jose Martinez 0-0: Swinging Strike
0-1: SINGLE (Line Drive, 34, EV 96.9 MPH)
Batting: SHB Orlando Cante 0-0: Ball
1-0: Foul Ball, location: 2F
1-1: Foul Ball, location: 5FF
1-2: Grounds into double play, 4-6-3 (Groundball, 4, EV 81.3 MPH)
Bottom of the 6th over - 0 runs, 1 hit, 0 errors, 0 left on base; Tampa Bay (GCL) 4 - St. Louis (GCL) 6
TOP OF THE 7TH
Tampa Bay (GCL) Rays batting - Pitching for St. Louis (GCL) Cardinals : RHP Dave Ellis
Batting: LHB Ryan Kaplan 0-0: Called Strike
0-1: Fly out, F7 (Flyball, 7, EV 93.8 MPH)
Batting: LHB Ray Pace 0-0: Ball
1-0: Foul Ball, location: 2F
1-1: Single, Error in OF, E9, batter to second base (Line Drive, 89S, EV 105.0 MPH)
Pinch Hitting: LHB Josh Berman 0-0: Ball
1-0: Foul Ball, location: 2F
1-1: Ball
2-1: Foul Ball, location: 2F
2-2: Strikes out looking
Batting: RHB Pat Eteldrum 0-0: Ground out 6-3 (Groundball, 6, EV 78.8 MPH)
Top of the 7th over - 0 runs, 1 hit, 1 error, 1 left on base; Tampa Bay (GCL) 4 - St. Louis (GCL) 6
BOTTOM OF THE 7TH
St. Louis (GCL) Cardinals batting - Pitching for Tampa Bay (GCL) Rays : RHP Jimmy Thompson
Now at SS: Ramon Franco
Batting: LHB Santos Gonzales 0-0: Ball
1-0: Foul Ball, location: 2F
1-1: Called Strike
1-2: Foul Ball, location: 25FF
1-2: SINGLE (Groundball, 34D, EV 98.1 MPH)
Batting: RHB Mike Kearney 0-0: Hit by Pitch
Santos Gonzales to second
Batting: RHB Matt Miller 0-0: Foul Ball, location: 2F
0-1: Called Strike
0-2: Ball
1-2: Strikes out swinging
Batting: RHB Aaron Horchem 0-0: Ball
1-0: Ball
2-0: Ball
3-0: Base on Balls
Santos Gonzales to third
Mike Kearney to second
Batting: RHB Doug Antonelli 0-0: Grounds into double play, 5-2-3 (Groundball, 56S, EV 68.8 MPH)
Bottom of the 7th over - 0 runs, 1 hit, 0 errors, 2 left on base; Tampa Bay (GCL) 4 - St. Louis (GCL) 6
TOP OF THE 8TH
Tampa Bay (GCL) Rays batting - Pitching for St. Louis (GCL) Cardinals : RHP Dave Ellis
Pinch Hitting: LHB Tyler Gutierrez 0-0: Swinging Strike
0-1: Fly out, F7 (Flyball, 78S, EV 90.0 MPH)
Batting: LHB Mike Grimm 0-0: Ball
1-0: Ball
2-0: Fly out, F7 (Flyball, 7D, EV 111.3 MPH)
Batting: LHB Jordan Suazo 0-0: Called Strike
0-1: Called Strike
0-2: DOUBLE (Groundball, 3L, EV 97.5 MPH)
Batting: RHB Melvin Ramos 0-0: Ball
1-0: Fly out, F8 (Flyball, 78D, EV 96.3 MPH)
Top of the 8th over - 0 runs, 1 hit, 0 errors, 1 left on base; Tampa Bay (GCL) 4 - St. Louis (GCL) 6
BOTTOM OF THE 8TH
St. Louis (GCL) Cardinals batting - Pitching for Tampa Bay (GCL) Rays : RHP Jimmy Thompson
Now at 1B: Josh Robertson
Batting: RHB Bill Hoyt 0-0: Called Strike
0-1: Ball
1-1: Foul Ball, location: 2LF
1-2: Ground out 4-3 (Groundball, 4, EV 100.6 MPH)
Pitching: RHP Gus Cantu
Batting: RHB Ron Trowbridge 0-0: Called Strike
0-1: TRIPLE (Line Drive, 8LXD, EV 101.9 MPH)
Batting: RHB Jose Martinez 0-0: Foul Ball, location: 2F
0-1: Swinging Strike
0-2: Ball
1-2: Ball
2-2: Strikes out looking
Batting: SHB Orlando Cante 0-0: Ball
1-0: Ground out U3 (Groundball, 3, EV 87.5 MPH)
Bottom of the 8th over - 0 runs, 1 hit, 0 errors, 1 left on base; Tampa Bay (GCL) 4 - St. Louis (GCL) 6
TOP OF THE 9TH
Tampa Bay (GCL) Rays batting - Pitching for St. Louis (GCL) Cardinals : RHP Dave Ellis
Pitching: RHP Wayne Pitts
Now at 1B: Brent Winter
Now at 2B: Seth Kroc
Now in LF: Marty Perrin
Batting: RHB Tommy Starnes 0-0: Ball
1-0: Called Strike
1-1: Ball
2-1: Called Strike
2-2: SOLO HOME RUN (Flyball, 7LD, EV 91.9 MPH), Distance : 349 ft
Batting: LHB Ryan Kaplan 0-0: Called Strike
0-1: Foul Ball, location: 23FF
0-2: Ball
1-2: Ball
2-2: Foul Ball, location: 7LMFF
2-2: Foul Ball, location: 9LMF
2-2: Ball
3-2: Fly out, F5 (Line Drive, 5, EV 63.1 MPH)
Batting: LHB Ray Pace 0-0: Called Strike
0-1: Foul Ball, location: 5SF
0-2: Ball
1-2: Ground out U3 (Groundball, 3L, EV 85.0 MPH)
Batting: RHB Ramon Franco 0-0: Fly out, F9 (Flyball, 9LS, EV 90.0 MPH)
Top of the 9th over - 1 run, 1 hit, 0 errors, 0 left on base; Tampa Bay (GCL) 5 - St. Louis (GCL) 6
Thursday, March 27th , 2025 - OOTP Baseball 25.11 Build 104